 Dungeon Crawl Stone Soup version 0.17-a0-1485-g22cb0ee (webtiles) character file.

166 urechis the Ruffian (level 5, -1/45 HPs)
             Began as a Ghoul Monk on July 5, 2015.
             Slain by a killer bee (9 damage)
             ... on level 3 of the Dungeon.
             The game lasted 00:03:13 (1805 turns).

urechis the Ruffian (Ghoul Monk)                    Turns: 1805, Time: 00:03:13

Health: -1/45      AC:  3    Str: 15    XL:     5   Next: 47%
Magic:  4/4        EV: 12    Int:  5    God:
Gold:   95         SH:  0    Dex: 12    Spells: 0 memorised, 4 levels left

rFire  . . .     SeeInvis .       - Unarmed
rCold  + . .     Clarity  .     a - +0 robe
rNeg   + + +     SustAt   .     (no shield)
rPois  ∞         Gourm    .     (no helmet)
rElec  .         Spirit   .     e - +0 cloak
rCorr  .         Warding  .     (no gloves)
rMut   .         Stasis   .     (no boots)
MR     .....                    (no amulet)
Stlth  ++........               (no ring)
                                (no ring)

@: rotting, not resistant to hostile enchantments, unstealthy
A: rotting body, claws 1, carnivore 3, cold resistance 1, negative energy
resistance 3, slow healing 1, torment resistance, unbreathing
a: no special abilities


You were on level 3 of the Dungeon.
You were not hungry.

You visited 1 branch of the dungeon, and saw 3 of its levels.

You collected 95 gold pieces.

Inventory:

Armour
 a - a +0 robe (worn)
 e - a +0 cloak (worn)
Scrolls
 d - 4 scrolls of identify
 k - a scroll of recharging {unknown}
 l - 2 scrolls of remove curse
 n - 2 scrolls of magic mapping {unknown}
 s - a scroll of amnesia {unknown}
Potions
 c - 3 potions of curing
 f - 2 potions of lignification {unknown}
 g - 2 potions of beneficial mutation {unknown}
 h - a potion of cancellation {unknown}
 i - a potion of invisibility {unknown}
 j - 2 potions of brilliance {unknown}
 m - 2 potions of flight {unknown}
 o - 2 potions of agility {unknown}
 r - a potion of heal wounds {unknown}
 t - a potion of magic {unknown}
Comestibles
 b - a meat ration
 p - a beef jerky
 q - a chunk of flesh


   Skills:
 - Level 3.2 Fighting
 - Level 2.6 Dodging
 - Level 2.1 Stealth
 + Level 7.2 Unarmed Combat


You had 4 spell levels left.
You didn't know any spells.

Dungeon Overview and Level Annotations

Branches:
Dungeon (3/15)

Altars:
Zin

Shops:
D:3 *


Innate Abilities, Weirdness & Mutations

Your body is rotting away.
You thrive on raw meat.
You are immune to poison.
You have sharp fingernails.
You are carnivorous and can eat meat at any time.
Your flesh is cold resistant.
You are immune to negative energy.
You heal slowly when monsters are visible.
You are immune to unholy pain and torment.
You can survive without breathing.


Message History

You completely miss the killer bee.
The killer bee buzzes angrily.
The killer bee misses you. The killer bee stings you!
* * * LOW HITPOINT WARNING * * *
The killer bee stings you.
* * * LOW HITPOINT WARNING * * *
The killer bee stings you.
* * * LOW HITPOINT WARNING * * *
Drink which item? (? for menu, Esc to quit)
It was a potion of curing.
You feel better.
The killer bee stings you but does no damage.
The killer bee stings you.
* * * LOW HITPOINT WARNING * * *
Read which item? (? for menu, Esc to quit)
As you read the scroll labeled FETA ZYFESK, it crumbles to dust.
It is a scroll of identify.
Identify which item? (\ to view known items) (? for menu, Esc to quit)
l - 2 scrolls of remove curse The killer bee stings you!
You die...

.#.## #..............
...########.##...........
........#...#####.....###
........#.##### #...#...
..............###.#......
........#.........####...
..............##### ...
..............########....
................@ybyyyo...
#########.....########....
####### .


You could see 4 killer bees, an orc and a bat.

Vanquished Creatures
  An orc priest (D:3)
  6 adders
  A gnoll (D:1)
  2 worms
  4 giant geckos
  3 orcs (D:3)
  2 bats
  6 giant cockroaches
  7 goblins
  7 hobgoblins
  6 giant newts
  9 kobolds
  11 rats
65 creatures vanquished.

Notes
Turn   | Place    | Note
--------------------------------------------------------------
     0 | D:1      | urechis the Ghoul Monk began the quest for the Orb.
     0 | D:1      | Reached XP level 1. HP: 19/19 MP: 0/0
    52 | D:1      | Reached XP level 2. HP: 2/26 MP: 1/1
   415 | D:1      | Reached skill level 5 in Unarmed Combat
   606 | D:1      | Reached XP level 3. HP: 31/31 MP: 2/2
  1036 | D:2      | Found a faded altar to an unknown god.
  1118 | D:2      | Reached skill level 6 in Unarmed Combat
  1118 | D:2      | Reached XP level 4. HP: 35/38 MP: 3/3
  1564 | D:3      | Reached XP level 5. HP: 36/45 MP: 4/4
  1601 | D:3      | Reached skill level 7 in Unarmed Combat
  1697 | D:3      | Found Zin's Purification Station.
  1701 | D:3      | Found a glowing silver altar of Zin.
  1805 | D:3      | Slain by a killer bee

Vault maps used:
D:1:      dpeg_arrival_simpleton_c, serial_bayou_lake_a
D:2:      ecumenical_altar_1
D:3:      zin_purify, minitemple, first_bread

Action                   |  1- 3 |  4- 6 || total
-------------------------+-------+-------++-------
Melee: Unarmed           |    84 |    89 ||   173
  Use: Scroll            |       |     1 ||     1
       Potion            |       |     1 ||     1
 Stab: Sleeping          |     3 |     5 ||     8
       Distracted        |     1 |       ||     1
  Eat: Chunk             |     6 |     6 ||    12
